 Dungeon Sprint DCSS version 0.30.1-4-g462c640d31 (webtiles) character file.

Game seed: 16346217311643836987

20397 Heoruswealwe the Ninja (level 12, -4/69 HPs)
             Began as a Spriggan Artificer on Sept 7, 2023.
             Was an Initiate of Gozag.
             Slain by a daeva
             ... wielding a +4 scimitar of holy wrath
              (26 damage)
             ... in the Dungeon (Sprint I: "Red Sonja").
             The game lasted 00:44:17 (2278 turns).

Heoruswealwe the Ninja (Spriggan Artificer)         Turns: 2278, Time: 00:44:17

Health: -4/69      AC:  7    Str:  8    XL:     12   Next: 45%
Magic:  13/13      EV: 38    Int: 13    God:    Gozag
Gold:   878        SH:  0    Dex: 22    Spells: 11/11 levels left

rFire   . . .        a - +3 rapier (flame)
rCold   + . .        (no shield)
rNeg    . . .        c - +2 robe
rPois   +            (helmet restricted)
rElec   .            h - +2 cloak
rCorr   .            (gloves unavailable)
SInv    +            (boots unavailable)
Will    ++...        i - amulet of the Amoeba {Fragile rPois Regen+ Dex+2 SInv}
Stlth   ++++         k - ring of flight
HPRegen 1.11/turn    j - ring of protection from cold
MPRegen 0.13/turn

%: no teleportation
@: flying, glowing, very quick
A: very small, no large weapons, unfitting armour, see invisible, speed 3
a: Renounce Religion, Potion Petition, Call Merchant, Bribe Branch


You were in the Dungeon.
You worshipped Gozag.
Gozag was pleased with you.
You visited 1 branch You collected 9108 gold pieces.
You spent 4782 gold pieces at shops.
You donated 36 gold pieces to Zin.
You paid 3412 gold pieces to Gozag.

Inventory:

Hand Weapons
 a - a +3 rapier of flaming (weapon)
Armour
 c - a +2 robe (worn)
 h - a +2 cloak (worn)
Jewellery
 i - the amulet of the Amoeba (around neck) {Fragile rPois Regen+ Dex+2 SInv}
   (You found it in the Dungeon)

   [amulet of regeneration]

   Dex:       It affects your dexterity (+2).
   rPois:     It protects you from poison.
   SInv:      It lets you see invisible.
   Regen:     It increases your rate of health regeneration.
   Fragile:   It will be destroyed if unequipped.
 j - a ring of protection from cold (right hand)
 k - a ring of flight (left hand)
Wands
 d - a wand of charming (15)
 e - a wand of iceblast (1)
 o - a wand of flame (7) (quivered)
 q - a wand of quicksilver (3)
 r - a wand of digging (1)
Scrolls
 l - a scroll of blinking
 m - 12 scrolls of identify
 u - a scroll of silence
Potions
 f - 8 potions of curing
 g - 2 potions of heal wounds
 p - 3 potions of cancellation
 z - 3 potions of might
Miscellaneous
 n - a phantom mirror (inert)
 s - a piece from Xom's chessboard (9/15)


   Skills:
 + Level 10.9 Fighting
 + Level 13.9 Short Blades
 * Level 20.7 Dodging
 O Level 27 Stealth
 + Level 16.8 Evocations


You had 11 spell levels left.
You didn't know any spells.
Your spell library contained the following spells:

 Spells                   Type           Power      Damage    Failure   Level
 Foxfire                  Conj/Fire      0%         2x1d4     30%         1
 Fireball                 Conj/Fire      0%         3d3       100%        5
 Plasma Beam              Fire/Air       0%         2x1d11    100%        6
 Starburst                Conj/Fire      0%         6d3       100%        6


Dungeon Overview and Level Annotations

Branches:
Dungeon (1/1)

Altars:
Cheibriados
Dithmenos
Elyvilon
Fedhas
Gozag
Hepliaklqana
Kikubaaqudgha
Makhleb
Nemelex Xobeh
Okawaru
Qazlal
Ru
Sif Muna
Trog
Uskayaw
Vehumet
Wu Jian
Xom
Yredelemnul
Zin
The Shining One
Jiyva
Lugonu

Shops:
D (([[=[*[?((:*!((!([:(*?(?


Innate Abilities, Weirdness & Mutations

You are very small and have problems with some larger weapons.
You are too small for most types of armour.
You have supernaturally acute eyesight. (SInv)
You cover ground extremely quickly. (Speed+++)


Message History

Aiming: Phantom Mirror
Press: ? - help, Dir - move target, f - daeva
Aim: a daeva, wielding a +4 scimitar of holy wrath and wearing a +0 tower shield (haloed)
You reflect the daeva with the mirror!
The mirror clouds!
The daeva blocks your daeva's attack. x2
The daeva calls down the wrath of the Shining One upon you.
The Shining One smites you!
You make a move on Xom's chessboard...
The daeva twists and deforms.
Your daeva calls down the wrath of the Shining One upon the daeva.
The daeva is smitten.
The daeva calls down the wrath of the Shining One upon you.
The Shining One smites you!
You make a move on Xom's chessboard...
The daeva twists and deforms.
Your daeva calls down the wrath of the Shining One upon the daeva.
The daeva is smitten.
The daeva hits you with a +4 scimitar of holy wrath!
The daeva completely misses you.
You make a move on Xom's chessboard...
The daeva resists with almost no effort.
Your daeva calls down the wrath of the Shining One upon the daeva.
The daeva is smitten.
The daeva calls down the wrath of the Shining One upon your daeva.
Your daeva is smitten.
You make a move on Xom's chessboard...
The daeva seems to grow stronger.
Your daeva hits the daeva with a +4 scimitar of holy wrath!!
The daeva blocks your daeva's attack. The daeva completely misses you.
The daeva barely misses you.
You make a move on Xom's chessboard...
The daeva seems to speed up.
The daeva misses you. x2
Your daeva hits the daeva with a +4 scimitar of holy wrath!!
The daeva blocks your daeva's attack.
You hit the daeva. You burn the daeva.
The daeva is severely wounded.
The daeva misses you.
The daeva hits you with a +4 scimitar of holy wrath!!
You make a move on Xom's chessboard...
The daeva resists with almost no effort.
The daeva hits you with a +4 scimitar of holy wrath!!
You die...
Your body crumbles into a pile of gold.

##############################***
..[#([#§§..§§§§.§.+∩∩#..+§§§§#,,,
...##'#§####§§§§!##∩.'..#.§..##,,
[..'..#§#.###§§.#######'#§§.§§###
####..+.#'#.###+#,,!##∩.#§§§§§#..
..##+####...#)#.##$$$#..##§§§§#(∩
..#....°#.....#.@A..$#..≈###+##..
..#...°.+.....##A#.#$#..≈...?####
#'###.°°#.....#..###$#..≈[##+#.§.
#.+.#...###++##.##..$#..≈##§.§§§.
###.#..###..###.,*+###).≈#...§§§§
∩##.#..####..###,,,#.≈..##.§§§§§§
###§##°#..#[.#.###,#.≈..#....§§§§
.##§##(#.........#,###..#....§)..
..+§####..○°.....#,*,'..##.......


You could see a daeva (fast, strong, misshapen, ally target) and a friendly
daeva (summoned, drained).

Vanquished Creatures
  A golden dragon (D)
  A shadow dragon (D)
  A deep elf annihilator (D)
  A lorocyproca (D)
  A mummy priest (D)
  A hydra (D)
  2 centaur warriors (D)
  Sonja (D)
  A deep troll (D)
  A lindwurm (D)
  8 shining eyes (D)
  2 oklob plants (D)
  2 merfolk sirens (D)
  A gargoyle (D)
  4 demonic crawlers (D)
  2 unseen horrors (D)
  2 kobold demonologists (D)
  5 hornets (D)
  A meliai (D)
  A hellwing (D)
  A slime creature (D)
  Sigmund (D)
  A yak (D)
  13 hogs (D)
  2 redbacks (D)
  7 floating eyes (D)
  An ogre (D)
  7 necrophages (D)
  8 jellies (D)
  Ijyb (D)
  A ballistomycete spore (D)
82 creatures vanquished.

Vanquished Creatures (others)
  A ballistomycete spore (D)
1 creature vanquished.

Grand Total: 83 creatures vanquished

Notes
Turn   | Place    | Note
-------+----------+-------------------------------------------
     0 | D        | Heoruswealwe the Spriggan Artificer began the quest for the
                  | Orb.
     0 | D        | Reached XP level 1. HP: 9/9 MP: 2/2
     1 | D        | Noticed Ijyb
    16 | D        | Killed Ijyb
    17 | D        | Reached skill level 9 in Stealth
    17 | D        | Reached XP level 2. HP: 2/14 MP: 3/3
    79 | D        | Noticed an ogre
    82 | D        | Killed an ogre
    83 | D        | Reached skill level 14 in Stealth
    83 | D        | Reached XP level 3. HP: 17/17 MP: 4/4
    83 | D        | Reached XP level 4. HP: 21/21 MP: 5/5
    93 | D        | Noticed Sigmund
    96 | D        | Killed Sigmund
    97 | D        | Reached skill level 18 in Stealth
    97 | D        | Reached XP level 5. HP: 25/25 MP: 6/6
    97 | D        | Reached XP level 6. HP: 29/29 MP: 7/7
   108 | D        | Found an ornate altar of the Wu Jian Council.
   108 | D        | Found a shimmering blue altar of Sif Muna.
   110 | D        | Found a radiant altar of Vehumet.
   115 | D        | Reached skill level 19 in Stealth
   144 | D        | Found Curibli's Antique Armour Emporium.
   144 | D        | Found an ancient bone altar of Kikubaaqudgha.
   144 | D        | Found a hazy altar of Hepliaklqana.
   144 | D        | Found a stormy altar of Qazlal.
   144 | D        | Found a hide-covered altar of Uskayaw.
   144 | D        | Found a blossoming altar of Fedhas.
   144 | D        | Found a bloodstained altar of Trog.
   144 | D        | Found an iron altar of Okawaru.
   144 | D        | Found a basalt altar of Yredelemnul.
   144 | D        | Found a glowing golden altar of the Shining One.
   144 | D        | Found a snail-covered altar of Cheibriados.
   144 | D        | Found a sacrificial altar of Ru.
   144 | D        | Found a glowing silver altar of Zin.
   144 | D        | Found a shadowy altar of Dithmenos.
   144 | D        | Found a white marble altar of Elyvilon.
   144 | D        | Noticed a yak
   145 | D        | Found an opulent altar of Gozag.
   146 | D        | Killed a yak
   147 | D        | Reached skill level 21 in Stealth
   147 | D        | Found a sparkling altar of Nemelex Xobeh.
   152 | D        | Became a worshipper of Zin the Law-Giver
   152 | D        | Reached * piety under Zin
   152 | D        | Reached ** piety under Zin
   152 | D        | Reached *** piety under Zin
   152 | D        | Reached **** piety under Zin
   152 | D        | Reached ***** piety under Zin
   152 | D        | Reached ****** piety under Zin
   161 | D        | Noticed Sonja
   165 | D        | Killed Sonja
   166 | D        | Reached skill level 25 in Stealth
   166 | D        | Reached XP level 7. HP: 32/32 MP: 8/8
   184 | D        | Found Toeqihar's Antique Weapon Boutique.
   192 | D        | Bought a rapier for 96 gold pieces
   195 | D        | Noticed a shining eye
   195 | D        | Noticed a shining eye
   195 | D        | Noticed a shining eye
   195 | D        | Noticed a shining eye
   195 | D        | Noticed a shining eye
   195 | D        | Noticed a shining eye
   198 | D        | Reached skill level 1 in Fighting
   198 | D        | Reached skill level 1 in Short Blades
   198 | D        | Reached XP level 8. HP: 37/37 MP: 9/9
   198 | D        | Noticed a shining eye
   198 | D        | Noticed a shining eye
   204 | D        | Reached skill level 5 in Evocations
   207 | D        | Reached skill level 5 in Dodging
   208 | D        | Killed a shining eye
   209 | D        | Killed a shining eye
   210 | D        | Reached skill level 5 in Short Blades
   210 | D        | Reached XP level 9. HP: 45/45 MP: 10/10
   212 | D        | Killed a shining eye
   213 | D        | Reached skill level 26 in Stealth
   218 | D        | Killed a shining eye
   219 | D        | Reached skill level 5 in Fighting
   234 | D        | Killed a shining eye
   264 | D        | Killed a shining eye
   265 | D        | Reached skill level 10 in Evocations
   266 | D        | Killed a shining eye
   267 | D        | Reached skill level 10 in Dodging
   267 | D        | Reached XP level 10. HP: 53/53 MP: 11/11
   268 | D        | Killed a shining eye
   269 | D        | Reached skill level 27 in Stealth
   288 | D        | Fell from the grace of Zin
   288 | D        | Became a worshipper of Gozag Ym Sagoz the Greedy
   304 | D        | Noticed a deep troll
   308 | D        | Killed a deep troll
   319 | D        | Found Ryadwaga's Armour Emporium.
   440 | D        | Found Xuom Qirgh's Weapon Shoppe.
   440 | D        | Found Suvukop's Jewellery Shop.
   440 | D        | Found Miyfalib's Antique Armour Emporium.
   440 | D        | Found Ugaab's Armour Boutique.
   489 | D        | Noticed a centaur warrior
   489 | D        | Noticed a centaur warrior
   492 | D        | Killed a centaur warrior
   501 | D        | Killed a centaur warrior
   695 | D        | Noticed an oklob plant
   697 | D        | Killed an oklob plant
   723 | D        | Reached skill level 10 in Short Blades
   748 | D        | Reached XP level 11. HP: 60/60 MP: 12/12
   756 | D        | Identified the +6 flail "Xutula" {heavy, Dex+3}
   830 | D        | Found Pufarill's General Store.
   830 | D        | Found Ilyud's Magic Scroll Shop.
   830 | D        | Found Kaeclaw's Armour Boutique.
   836 | D        | Found Foitoa's Distillery.
   836 | D        | Found Niceamaa's Book Emporium.
   836 | D        | Found Suidatom's Weapon Emporium.
   843 | D        | Found Hiaf's Weapon Boutique.
   843 | D        | Found Xeumi's Antique Weapon Shoppe.
   843 | D        | Found Ynneck's Distillery.
   843 | D        | Found Somirahe's Assorted Antiques.
   843 | D        | Found Hosipex's Book Boutique.
   843 | D        | Found Ecyntaaq's Antique Weapon Shoppe.
   843 | D        | Found Rolivine's Antique Weapon Shop.
   847 | D        | Found Ilomm's Magic Scroll Emporium.
   851 | D        | Bought a red potion for 26 gold pieces
   851 | D        | Bought a golden ring for 145 gold pieces
   851 | D        | Bought a potion of haste for 290 gold pieces
   857 | D        | Bought a wand of flame (11) for 100 gold pieces
   858 | D        | Bought a scroll of identify for 22 gold pieces
   858 | D        | Bought a scroll of identify for 22 gold pieces
   858 | D        | Bought a scroll of enchant weapon for 82 gold pieces
   858 | D        | Bought a scroll of identify for 22 gold pieces
   858 | D        | Bought a scroll of enchant weapon for 82 gold pieces
   876 | D        | Bought a scroll of fog for 44 gold pieces
   876 | D        | Bought 2 scrolls of enchant armour for 165 gold pieces
   876 | D        | Bought a scroll of amnesia for 44 gold pieces
   876 | D        | Bought a scroll of butterflies for 44 gold pieces
   877 | D        | Bought a potion of ambrosia for 104 gold pieces
   877 | D        | Bought a scroll of identify for 26 gold pieces
   877 | D        | Bought a scroll of torment for 123 gold pieces
   877 | D        | Bought a scroll of immolation for 52 gold pieces
   877 | D        | Bought a potion of curing for 39 gold pieces
   879 | D        | Bought a scroll of enchant armour for 97 gold pieces
   879 | D        | Bought a scroll of enchant armour for 97 gold pieces
   879 | D        | Bought a scroll of fear for 52 gold pieces
   879 | D        | Bought a scroll of poison for 52 gold pieces
   886 | D        | Bought a potion of cancellation for 96 gold pieces
   886 | D        | Bought a potion of might for 48 gold pieces
   886 | D        | Bought a potion of curing for 36 gold pieces
   886 | D        | Bought a potion of curing for 36 gold pieces
   886 | D        | Bought a potion of curing for 36 gold pieces
   886 | D        | Bought a potion of invisibility for 96 gold pieces
   890 | D        | Bought a potion of might for 56 gold pieces
   890 | D        | Bought a potion of resistance for 140 gold pieces
   890 | D        | Bought a potion of invisibility for 112 gold pieces
   890 | D        | Bought a potion of might for 56 gold pieces
   890 | D        | Bought a potion of attraction for 42 gold pieces
   890 | D        | Bought a potion of might for 56 gold pieces
   890 | D        | Bought a potion of curing for 42 gold pieces
   959 | D        | Bought a ring of flight for 227 gold pieces
   959 | D        | Bought a ring of protection from cold for 325 gold pieces
   999 | D        | Found a burning altar of Makhleb.
   999 | D        | Found a viscous altar of Jiyva.
   999 | D        | Found a shimmering altar of Xom.
   999 | D        | Found a corrupted altar of Lugonu.
  1134 | D        | Bought a cloak for 130 gold pieces
  1184 | D        | Reached skill level 15 in Dodging
  1378 | D        | Noticed a lindwurm
  1380 | D        | Killed a lindwurm
  1697 | D        | Noticed a 12-headed hydra
  1699 | D        | Killed a 12-headed hydra
  1717 | D        | Bought a scroll of identify for 36 gold pieces
  1717 | D        | Bought a scroll of brand weapon for 171 gold pieces
  1717 | D        | Bought a scroll of identify for 36 gold pieces
  1717 | D        | Bought a scroll of identify for 36 gold pieces
  1720 | D        | Bought a fizzy yellow potion for 20 gold pieces
  1720 | D        | Bought a scroll of blinking for 172 gold pieces
  1720 | D        | Bought a piece from Xom's chessboard (15/15) for 460 gold
                  | pieces
  1793 | D        | Noticed a shadow dragon
  1793 | D        | Noticed a golden dragon
  1795 | D        | Killed a golden dragon
  1796 | D        | Reached skill level 15 in Evocations
  1796 | D        | Killed a shadow dragon
  1797 | D        | Reached skill level 10 in Fighting
  1797 | D        | Reached XP level 12. HP: 67/67 MP: 13/13
  1867 | D        | Found Pogue's Magic Scroll Shoppe.
  1885 | D        | Bought a scroll of identify for 28 gold pieces
  1885 | D        | Bought a scroll of blinking for 105 gold pieces
  1885 | D        | Bought a scroll of identify for 28 gold pieces
  1885 | D        | Bought a scroll of magic mapping for 105 gold pieces
  1885 | D        | Bought a scroll of silence for 133 gold pieces
  1904 | D        | Noticed a deep elf annihilator
  1905 | D        | Noticed a mummy priest
  1906 | D        | Identified the amulet of the Amoeba {Fragile rPois Regen+
                  | Dex+2 SInv}
  1907 | D        | Killed a deep elf annihilator
  1915 | D        | Killed a mummy priest
  2033 | D        | Bought a scroll of identify for 46 gold pieces
  2033 | D        | Bought a scroll of identify for 46 gold pieces
  2076 | D        | Noticed a lorocyproca
  2095 | D        | Killed a lorocyproca
  2267 | D        | Noticed a daeva
  2278 | D        | Slain by a daeva

Illustrated notes

Levels and vault maps discovered:
D:        dungeon_sprint_1 [red_sonja_temple_1, red_sonja_temple_small_1]

Skill      XL: |  1  2  3  4  5  6  7  8  9 10 11 12 |
---------------+-------------------------------------+-----
Stealth        | 9 14 18 25 26 27 | 27.0
Fighting       | 1 4 6 7 10 | 10.9
Short Blades   | 1 5 8 10 12 13 | 13.9
Dodging        | 7 10 14 19 20 | 20.7
Evocations     | 7 10 12 15 16 | 16.8

Action                     |  1- 3 |  4- 6 |  7- 9 | 10-12 || total
---------------------------+-------+-------+-------+-------++-------
  Melee: Club              |    12 |       |       |       ||    12
         Dagger            |     1 |     4 |    55 |    24 ||    84
         Punch             |       |       |     1 |     3 ||     4
         Rapier            |       |       |       |   145 ||   145
 Invoke: Call Merchant     |       |       |       |     4 ||     4
  Evoke: Wand              |     1 |       |       |    33 ||    34
         Phantom mirror    |       |       |       |     3 ||     3
         Piece from Xom's  |       |       |       |    11 ||    11
    Use: Potion            |     2 |       |       |     6 ||     8
         Scroll            |       |       |       |    14 ||    14
   Stab: Sleeping          |     1 |     4 |     8 |    36 ||    49
         Distracted        |       |       |       |     1 ||     1
         Invisible         |       |       |       |     3 ||     3
         Petrified         |       |       |       |     1 ||     1
 Armour: Robe              |       |       |       |     5 ||     5
  Dodge: Dodged            |     6 |       |       |   123 ||   129
